Map: Deathaura LE

Players

A.I. 1 (Very Easy)

  • Race: Terran Terran
  • Spawn Location: 5:00

PhotonMan - Winner!

  • Race: Terran Terran
  • League: Diamond
  • Spawn Location: 11:00

VOD

Have the link to the VOD?

Description

Time

  • Played on: March 5, 2021, 5:18 p.m.
  • Length: 5:45
Show
View Real Time Build Order
Export as new Build Order

A.I. 1 (Very Easy) Terran 

Build Orders:  

Get SALT Encoding   

  12  0:00  SCV  
  13  0:13  SCV  
  14  0:18  Supply Depot  
  14  0:37  Refinery  
  14  0:43  Barracks  
  14  1:05  Supply Depot  
  14  1:11  Refinery  
  14  1:30  Marine, Orbital Command  
  15  1:49  Barracks Tech Lab  
  15  1:57  SCV  
  16  2:09  SCV  
  16  2:13  Marine  
  18  2:21  SCV  
  19  2:33  SCV  
  20  2:45  SCV  
  21  2:56  Marauder  
  21  2:57  SCV  
  24  3:44  Marine  
  24  5:06  Marine  
  25  5:10  Supply Depot  
  25  5:13  SCV  
  15  5:25  SCV  
Show
View Real Time Build Order
Export as new Build Order

PhotonMan Terran - Winner!

Build Orders:  

Get SALT Encoding   

  12  0:00  SCV  
  13  0:13  SCV  
  14  0:17  Supply Depot  
  14  0:25  SCV  
  14  0:28  Refinery  
  15  0:39  SCV  
  16  0:45  Barracks  
  16  0:51  SCV  
  17  1:03  SCV  
  18  1:06  Supply Depot  
  18  1:15  SCV  
  19  1:28  SCV  
  20  1:33  Reaper  
  21  1:40  Orbital Command  
  21  1:48  Factory  
  21  2:05  Command Center  
  22  2:08  Reaper  
  22  2:16  Refinery  
  22  2:18  SCV  
  23  2:30  SCV  
  23  2:33  Hellion  
  23  2:35  Supply Depot  
  26  2:41  Reaper  
  26  2:42  SCV  
  28  2:55  Hellion  
  28  2:57  Supply Depot  
  30  3:02  Starport  
  30  3:08  SCV  
  31  3:16  Factory Tech Lab  
  31  3:17  Barracks Reactor  
  31  3:20  SCV, Orbital Command  
  32  3:32  SCV  
  33  3:36  Siege Tank  
  36  3:44  SCV  
  35  3:52  Medivac  
  35  3:53  SCV  
  35  3:55  Marine  
  38  3:56  Marine  
  38  3:57  SCV  
  41  4:02  Supply Depot  
  41  4:05  SCV  
  41  4:09  SCV  
  43  4:13  Marine  
  43  4:14  Marine  
  45  4:17  SCV  
  45  4:21  SCV  
  47  4:28  Supply Depot  
  47  4:30  SCV  
  47  4:31  Marine  
  49  4:32  Marine  
  49  4:35  Starport Tech Lab  
  49  4:37  Siege Tank  
  53  4:45  SCV  
  53  4:46  SCV  
  53  4:51  Supply Depot  
  55  4:58  SCV x2  
  57  5:16  SCV  
  57  5:17  SCV  
  59  5:25  Command Center, Barracks  
  59  5:28  Barracks  
  59  5:29  SCV  
Tags
 
League
Diamond
Matchup
TvT
Race
Terran
Spawn Locations
Cross Positions
Add a new tag
Caveats
  • Supply blocks, unpowered buildings, or Contaminate may cause inaccurate times.
  • Supply counts are checked every 10 seconds.